 Dungeon Crawl Stone Soup version 0.22.1-1-ga44c0e56f4 (webtiles) character file.

113 Freyura the Twirler (level 4, -2/34 HPs)
             Began as a Demonspawn Gladiator on Oct 28, 2018.
             Slain by Crazy Yiuf
             ... wielding a +4 quarterstaff of chaos
              (6 damage)
             ... on level 3 of the Dungeon.
             The game lasted 00:04:33 (1629 turns).

Freyura the Twirler (Demonspawn Gladiator)          Turns: 1629, Time: 00:04:33

Health: -2/34      AC:  4    Str: 14    XL:     4   Next: 65%
Magic:  4/4        EV: 13    Int:  9    God:
Gold:   165        SH:  0    Dex: 16    Spells: 3/3 levels left

rFire    . . .     SeeInvis .   a - +0 quarterstaff
rCold    . . .     Gourm    .   (shield currently unavailable)
rNeg     . . .     Faith    .   b - +0 leather armour
rPois    .         Spirit   .   c - +0 helmet
rElec    .         Reflect  .   (no cloak)
rCorr    .         Harm     .   (no gloves)
MR       .....                  (no boots)
Stlth    +.........             (no amulet)
HPRegen  0.11/turn              (no ring)
MPRegen  0.09/turn              (no ring)

@: no status effects
A: spiny 1
a: no special abilities


You were on level 3 of the Dungeon.
You were full.

You visited 1 branch of the dungeon, and saw 3 of its levels.

You collected 165 gold pieces.

Inventory:

Hand Weapons
 a - a +0 quarterstaff (weapon)
Armour
 b - a +0 leather armour (worn)
 c - a +0 helmet (worn)
Scrolls
 i - a scroll of remove curse
Potions
 d - a potion of heal wounds
 e - a potion of cancellation
 k - a potion of brilliance {unknown}
 l - a potion of agility {unknown}
 n - a potion of might {unknown}
Comestibles
 f - 3 rations


   Skills:
 + Level 2.7 Fighting
 * Level 3.7 Staves
 - Level 1.7 Throwing
 + Level 1.4 Armour
 + Level 3.2 Dodging


You had 3 spell levels left.
You didn't know any spells.
Your spell library contained the following spells:

 Spells                   Type           Power        Failure   Level  Hunger
 Magic Dart               Conj           #...         45%         1    ##.....
 Blink                    Tloc           N/A          58%         2    ###....
 Call Imp                 Summ           #.......     58%         2    ###....
 Slow                     Hex            #.......     58%         2    ###....
 Conjure Flame            Conj/Fire      #.......     83%         3    ####...
 Mephitic Cloud           Conj/Pois/Air  #.......     83%         3    ####...


Dungeon Overview and Level Annotations

Branches:
Dungeon (3/15)

Altars:

Annotations:
D:3 Crazy Yiuf


Innate Abilities, Weirdness & Mutations

You are partially covered in sharp spines.


Message History

You hit Crazy Yiuf but do no damage.
Crazy Yiuf is moderately wounded.
Crazy Yiuf closely misses you.
You thump Crazy Yiuf!
Crazy Yiuf is heavily wounded.
Crazy Yiuf hits you with a quarterstaff of chaos!
* * * LOW HITPOINT WARNING * * *
Crazy Yiuf freezes you.
* * * LOW HITPOINT WARNING * * *
You hit Crazy Yiuf.
Crazy Yiuf is almost dead.
Crazy Yiuf hits you with a quarterstaff of chaos.
* * * LOW HITPOINT WARNING * * *
Crazy Yiuf freezes you.
* * * LOW HITPOINT WARNING * * *
You barely miss Crazy Yiuf.
Crazy Yiuf is almost dead.
Crazy Yiuf is struck by your spines.
Crazy Yiuf hits you with a quarterstaff of chaos.
You die...

♣...♣
###.#
###
♣♣.♣♣
##.##
#
♣.♣♣
#...#
#
♣♣.♣
#...#
#
♣.♣♣
#...#
♣♣.♣
#...#
##'##
#...#
#...#
#...#
#.@.#
#####
#.g)#
#####


You could see Crazy Yiuf.

Vanquished Creatures
  2 adders (D:2)
  An ooze (D:3)
  2 worms (D:3)
  3 dart slugs
  2 leopard geckos
  3 orcs (D:3)
  10 bats
  4 giant cockroaches
  6 goblins
  6 hobgoblins
  10 jackals
  A quokka (D:2)
  A ball python (D:3)
  4 frilled lizards
  6 kobolds
  8 rats
69 creatures vanquished.

Notes
Turn   | Place    | Note
-------+----------+-------------------------------------------
     0 | D:1      | Freyura the Demonspawn Gladiator began the quest for the
                  | Orb.
     0 | D:1      | Reached XP level 1. HP: 16/16 MP: 1/1
     6 | D:1      | Noticed a hound
     6 | D:1      | Noticed a wyvern
     7 | D:1      | Noticed a worker ant
     7 | D:1      | Noticed an iguana
   251 | D:1      | Gained mutation: You are partially covered in sharp spines.
                  | [demonic ancestry]
   251 | D:1      | Reached XP level 2. HP: 20/22 MP: 2/2
   703 | D:2      | Reached XP level 3. HP: 23/28 MP: 3/3
   786 | D:2      | Reached skill level 1 in Armour
  1126 | D:2      | Reached XP level 4. HP: 33/34 MP: 4/4
  1612 | D:3      | Found a runed door.
  1619 | D:3      | Noticed Crazy Yiuf
  1629 | D:3      | Slain by Crazy Yiuf

Skill      XL: |  1  2  3 |
---------------+----------+-----
Staves         | 3 |  3.7
Dodging        | 3 |  3.2
Armour         | 1 |  1.4
Fighting       | |  2.7
Throwing       | |  1.7

Action                   |  1- 3 |  4- 6 || total
-------------------------+-------+-------++-------
Melee: Quarterstaff      |   118 |    55 ||   173
  Use: Potion            |     1 |       ||     1
       Scroll            |       |     9 ||     9
 Stab: Sleeping          |       |     1 ||     1
  Eat: Ration            |       |     2 ||     2
       Chunk             |       |     1 ||     1
Armor: Leather armour    |    40 |    10 ||    50
Dodge: Dodged            |    78 |    39 ||   117
